 Dungeon Crawl Stone Soup version 0.22-a0-458-gb446440 (webtiles) character file.

184 Galder the Magician (level 5, -3/28 HPs)
             Began as a Deep Elf Wizard on June 8, 2018.
             Slain by a water moccasin (9 damage)
             ... on level 5 of the Dungeon.
             The game lasted 00:19:07 (2754 turns).

Galder the Magician (Deep Elf Wizard)               Turns: 2754, Time: 00:19:08

Health: -3/28      AC:  3    Str:  5    XL:     5   Next: 36%
Magic:  4/15       EV: 17    Int: 23    God:
Gold:   200        SH:  6    Dex: 13    Spells: 9/15 levels left

rFire    x . .     SeeInvis .   m - +0 short sword
rCold    + . .     Gourm    .   (no shield)
rNeg     . . .     Faith    .   a - +0 robe
rPois    .         Spirit   .   b - +0 hat
rElec    .         Reflect  +   (no cloak)
rCorr    .         Harm     .   (no gloves)
MR       .....                  q - +0 pair of boots
Stlth    +++.......             k - +6 amulet of reflection
HPRegen  0.09/turn              j - +3 ring of evasion (curse)
MPRegen  0.14/turn              p - ring of ice

@: very slightly contaminated
A: no striking features
a: no special abilities


You were on level 5 of the Dungeon.
You were very hungry.

You visited 1 branch of the dungeon, and saw 6 of its levels.

You collected 200 gold pieces.

Inventory:

Hand Weapons
 m - a +0 short sword (weapon)
Missiles
 g - 121 stones
 o - 5 tomahawks
 r - 6 javelins of returning (quivered)
Armour
 a - a +0 robe (worn)
 b - a +0 hat (worn)
 h - a +2 scale mail of poison resistance
 q - a +0 pair of boots (worn)
Jewellery
 j - a cursed +3 ring of evasion (left hand)
 k - a +6 amulet of reflection (around neck)
 p - a ring of ice (right hand)
Scrolls
 c - 2 scrolls of random uselessness {unknown}
 e - a scroll of teleportation {unknown}
 f - 6 scrolls of identify {unknown}
 i - 2 scrolls of remove curse {unknown}
 s - 2 scrolls of fear {unknown}
 v - a scroll of enchant weapon {unknown}
Potions
 l - 4 potions of curing {unknown}
 n - a potion of ambrosia {unknown}
 t - a potion of magic {unknown}
 u - a potion of flight {unknown}
Comestibles
 d - 9 rations


   Skills:
 + Level 4.0 Dodging
 + Level 4.1 Stealth
 + Level 5.7 Spellcasting
 + Level 2.9 Conjurations
   Level 1.1 Summonings
 - Level 1.1 Translocations


You had 9 spell levels left.
You knew the following spells:

 Your Spells              Type           Power        Failure   Level  Hunger
a - Magic Dart            Conj           ###.         2%          1    None
b - Blink                 Tloc           N/A          9%          2    None
c - Mephitic Cloud        Conj/Pois/Air  ##......     19%         3    #......

Your spell library contained the following spells:

 Spells                   Type           Power        Failure   Level  Hunger
 Conjure Flame            Conj/Fire      ##......     14%         3    #......
 Slow                     Hex            #.......     13%         2    None
 Call Imp                 Summ           ##......     9%          2    None


Dungeon Overview and Level Annotations

Branches:
Dungeon (6/15)
 Temple: D:4-7

Altars:

Shops:
D:4 %

Annotations:
D:3 Terence


Message History

The water moccasin misses you.
Casting: Magic Dart (safe; 2% risk of failure)
Confirm with . or Enter, or press ? or * to list all spells.
Aiming: Magic Dart (safe; 2% risk of failure)
Press: ? - help, Shift-Dir - straight line, f/p - water moccasin
Aim: a water moccasin (heavily wounded)
The magic dart hits the water moccasin.
The water moccasin is heavily wounded.
The water moccasin barely misses you.
Casting: Magic Dart (safe; 2% risk of failure)
Confirm with . or Enter, or press ? or * to list all spells.
Aiming: Magic Dart (safe; 2% risk of failure)
Press: ? - help, Shift-Dir - straight line, f/p - water moccasin
Aim: a water moccasin (heavily wounded)
The magic dart hits the water moccasin.
The water moccasin is severely wounded.
The water moccasin bites you.
* * * LOW HITPOINT WARNING * * *
The water moccasin bites you!
You die...

... ###.. #...# #...#
#...# #...####
######......#
###.#...........#
......S@........+
......†.........# #+##
.....#####......####....
.... #.............. ###
#######........
#.>...... #........
############........
#...........##+#####


You could see a water moccasin.

Vanquished Creatures
  A phantom (D:4)
  3 adders
  An ooze (D:3)
  2 adder skeletons
  2 worms (D:2)
  2 dart slugs (D:4)
  4 leopard geckos
  2 orcs (D:4)
  3 bats
  A giant cockroach (D:2)
  7 goblins
  3 hobgoblins
  A jackal (D:1)
  3 quokkas
  3 frilled lizards
  A jackal skeleton (D:4)
  A kobold (D:1)
  8 rats
48 creatures vanquished.

Notes
Turn   | Place    | Note
-------+----------+-------------------------------------------
     0 | D:1      | Galder the Deep Elf Wizard began the quest for the Orb.
     0 | D:1      | Reached XP level 1. HP: 10/10 MP: 7/7
   270 | D:1      | Reached XP level 2. HP: 15/15 MP: 6/9
   274 | D:1      | Learned a level 2 spell: Blink
  1299 | D:2      | Reached XP level 3. HP: 19/19 MP: 9/11
  1548 | D:2      | Learned a level 3 spell: Mephitic Cloud
  1736 | D:3      | Reached skill level 5 in Spellcasting
  1937 | D:3      | Noticed Terence
  1955 | D:3      | You fall through a shaft!
  2127 | D:5      | Entered Level 5 of the Dungeon
  2167 | D:4      | Reached XP level 4. HP: 24/24 MP: 10/13
  2505 | D:4      | Found Koff's Food Boutique.
  2505 | D:4      | Noticed a phantom
  2525 | D:4      | Killed a phantom
  2525 | D:4      | Reached XP level 5. HP: 13/28 MP: 0/15
  2681 | D:4      | Noticed a hippogriff
  2742 | D:5      | Noticed a water moccasin
  2754 | D:5      | Slain by a water moccasin

Vault maps used:
D:1:      nzn_arrival_water_spiral, minmay_pentomino_t2
D:3:      first_ration, uniq_terence
D:4:      serial_shops, shop
D:5:      regret_index_temple_of_mockery, minmay_liquid_box,
          nicolae_ru_sacrificial_ziggurat
D:6:      grunt_temple_overflow_open, basic_altar, serial_shops, shop,
          uniq_sigmund, uniq_duvessa, uniq_menkaure, uniq_blork_the_orc

Skill      XL: |  1  2  3  4  5 |
---------------+----------------+-----
Stealth        | 3 4 |  4.1
Dodging        | 3 4 |  4.0
Conjurations   | 2 |  2.9
Spellcasting   | 5 |  5.7
Summonings     | |  1.1
Translocations | |  1.1

Action                   |  1- 3 |  4- 6 || total
-------------------------+-------+-------++-------
Melee: Short sword       |    20 |    10 ||    30
Throw: Stone             |     7 |       ||     7
 Cast: Magic Dart        |   107 |    56 ||   163
       Mephitic Cloud    |     1 |       ||     1
  Eat: Chunk             |     4 |       ||     4
Armor: Robe              |     8 |     3 ||    11
Dodge: Dodged            |    23 |    27 ||    50
Block: Other             |    16 |    14 ||    30
       Reflection        |       |     2 ||     2

Table legend:
 A = Spawn XP
 B = Non-spawn XP
 C = Spawn XP percentage of total XP
 D = Spawn monster count
 E = Non-spawn monster count
 F = Spawn count percentage of total count
 G = Total turns spent on level
                    A         B        C        D         E        F      G
               +---------+---------+-------+---------+---------+-------+---------
         Total |       0 |     263 |   0.0 |       0 |      48 |   0.0 |  2754
               +---------+---------+-------+---------+---------+-------+---------
           D:1 |       0 |      29 |   0.0 |       0 |      17 |   0.0 |  1071
           D:2 |       0 |      27 |   0.0 |       0 |      12 |   0.0 |   633
           D:3 |       0 |      15 |   0.0 |       0 |       6 |   0.0 |   322
           D:4 |       0 |     174 |   0.0 |       0 |      11 |   0.0 |   671
           D:5 |       0 |      18 |   0.0 |       0 |       2 |   0.0 |    42
               +---------+---------+-------+---------+---------+-------+---------
